 Dungeon Crawl Stone Soup version 0.31.0-11-ge490571c62 (webtiles) character file.

Game seed: 1736576090984255244

1820748 Armakuni the Archmage (level 25, 141/141 HPs)
             Began as a Deep Elf Gladiator on Jan 27, 2024.
             Was the Champion of Vehumet.
             Escaped with the Orb
             ... and 3 runes
             ... and 1 gem!
             The game lasted 05:28:31 (62696 turns).

Armakuni the Archmage (Deep Elf Gladiator)         Turns: 62696, Time: 05:28:32

Health: 141/141    AC: 15    Str: 14    XL:     25   Next: 42%
Magic:  66/66      EV: 17    Int: 37    God:    Vehumet [******]
Gold:   3547       SH:  7    Dex: 21    Spells: 2/78 levels left

rFire   + + .        a - staff of Bakod {rElec rC+ Str-4 Conj Earth}
rCold   + + .        p - +1 buckler
rNeg    . . .        r - +3 leather armour {rC+ rF+}
rPois   .            d - +3 hat of Pondering {ponderous, Will+ MP+10 Int+5}
rElec   +            e - scarf {repulsion}
rCorr   .            U - +2 pair of gloves
SInv    .            D - +2 pair of boots of Domom {Dex+3 Slay+5}
Will    ++++.        M - amulet of Law {RegenMP Dex+2}
Stlth   +            F - ring "Teumit" {rF+ Will+ Str+7}
HPRegen 0.43/turn    I - +6 ring of intelligence
MPRegen 0.80/turn

%: repel missiles
@: studying 2 skills, slow
A: no striking features
0: Orb of Zot
}: 3/15 runes: decaying, silver, gossamer
a: Renounce Religion


You escaped.
You worshipped Vehumet.
Vehumet was exalted by your worship.
You visited 10 branches of the dungeon, and saw 48 of its levels.
You also visited: Gauntlet, Ice Cave and Wizlab.

You collected 6898 gold pieces.
You spent 3351 gold pieces at shops.

Inventory:

Hand Weapons
 b - the +8 scimitar "Hyeq" {pain, rPois rF- rC+}
   (You found it on level 10 of the Dungeon)

   rF-:       It makes you vulnerable to fire.
   rC+:       It protects you from cold.
   rPois:     It protects you from poison
Armour
 d - the +3 hat of Pondering (worn) {ponderous, Will+ MP+10 Int+5}
   (You took it off Gastronok on level 8 of the Dungeon)

   Int+5:     It affects your intelligence (+5).
   Will+:     It increases your willpower.
   MP+10:     It affects your magic capacity (+10).
 e - a scarf of repulsion (worn)
 p - a +1 buckler (worn)
 r - a +3 leather armour of resistance (worn)
 D - the +2 pair of boots of Domom (worn) {Dex+3 Slay+5}
   (You acquired it on level 2 of the Lair of Beasts)

   Dex+3:     It affects your dexterity (+3).
   Slay+5:    It affects your accuracy & damage with ranged weapons and melee
   (+5).
 U - a +2 pair of gloves (worn)
Magical Staves
 a - the staff of Bakod (weapon) {rElec rC+ Str-4 Conj Earth}
   (You found it on level 3 of the Elven Halls)

   [staff of conjuration]

   Base accuracy: +5 Base damage: 5 Base attack delay: 1.2 This weapon's minimum
   attack delay (0.6) is reached at skill level 12.
   Str-4:     It affects your strength (-4).
   rC+:       It protects you from cold.
   rElec:     It insulates you from electricity.
   Conj:      It increases the power of your Conjurations spells.
   Earth:     It increases the power of your Earth spells.
   It falls into the 'Staves' category.
   It is a one-handed weapon.
Jewellery
 F - the ring "Teumit" (left hand) {rF+ Will+ Str+7}
   (You acquired it on level 4 of the Spider Nest)

   [ring of protection from fire]

   Str+7:     It affects your strength (+7).
   rF+:       It protects you from fire.
   Will+:     It increases your willpower.
 I - a +6 ring of intelligence (right hand)
 M - the amulet of Law (around neck) {RegenMP Dex+2}
   (You found it in a Gauntlet)

   [amulet of magic regeneration]

   RegenMP:   It increases your rate of magic regeneration.
   Dex+2:     It affects your dexterity (+2).
 N - the ring of Tender Moments {rC+ rN+ rCorr Int-4 SInv}
   (You bought it in a shop on level 2 of the Vaults)

   [ring of see invisible]

   Int-4:     It affects your intelligence (-4).
   rC+:       It protects you from cold.
   rN+:       It protects you from negative energy.
   SInv:      It lets you see invisible.
   rCorr:     It protects you from acid and corrosion.
Talismans
 i - a talisman of death
Wands
 c - a wand of charming (17)
 j - a wand of iceblast (50)
 k - a wand of digging (11)
 s - a wand of quicksilver (31)
 v - a wand of flame (20)
 B - a wand of mindburst (13)
Scrolls
 f - 4 scrolls of torment
 g - 5 scrolls of fog
 o - 3 scrolls of butterflies
 u - 16 scrolls of teleportation
 y - 4 scrolls of poison
 A - 33 scrolls of identify
 K - 3 scrolls of revelation
 O - 9 scrolls of fear
 Q - 6 scrolls of silence
 T - 10 scrolls of noise
 Z - 6 scrolls of vulnerability
Potions
 m - 5 potions of resistance
 q - 6 potions of might
 t - a potion of magic
 w - 11 potions of heal wounds
 x - 6 potions of haste
 z - 8 potions of brilliance
 C - 2 potions of berserk rage
 E - 3 potions of invisibility
 G - 6 potions of enlightenment
 H - 9 potions of curing
 L - 8 potions of lignification
 R - 5 potions of ambrosia
 V - 4 potions of cancellation
 X - 14 potions of mutation
Miscellaneous
 h - a phantom mirror
 l - a lightning rod (4/4)
 J - a phial of floods
 S - a condenser vane


   Skills:
 - Level 10.0 Fighting
 - Level 3.0 Staves
 - Level 2.0 Ranged Weapons
 - Level 2.0 Throwing
 - Level 4.0 Armour
 - Level 8.2 Dodging
 - Level 6.0 Shields
 O Level 27 Spellcasting
 + Level 25.7 Conjurations
 - Level 5.0 Hexes
 - Level 10.0 Summonings
 - Level 10.0 Necromancy
 - Level 4.0 Translocations
 + Level 25.7 Fire Magic
 - Level 12.0 Ice Magic
 - Level 10.0 Air Magic
 - Level 6.0 Earth Magic
 - Level 3.0 Alchemy
 - Level 6.1 Evocations


You had 2 spell levels left.
You knew the following spells:

 Your Spells              Type           Power      Damage    Failure   Level
a - Apportation           Tloc           100%       N/A       1%          1
b - Blink                 Tloc           100%       N/A       1%          2
c - Lehudib's Crystal Sp  Conj/Erth      77%        10d17     1%          8
d - Sublimation of Blood  Necr           89%        N/A       0%          2
e - Metabolic Englaciati  Hex/Ice        42%        N/A       1%          5
f - Fire Storm            Conj/Fire      75%        8d19      1%          9
i - Irradiate             Conj/Alch      62%        3d32      1%          5
j - Freezing Cloud        Conj/Ice/Air   64%        6-21      1%          5
m - Iskenderun's Mystic   Conj/Tloc      100%       2d19      0%          4
o - Ozocubu's Armour      Ice            95%        N/A       0%          3
r - Ozocubu's Refrigerat  Ice            47%        4d18      1%          7
s - Spellforged Servitor  Conj/Summ      67%        N/A       1%          7
v - Polar Vortex          Ice            47%        12d6*     71%         9
w - Passwall              Erth           96%        N/A       1%          3
z - Plasma Beam           Fire/Air       55%        2x1d70    1%          6

Your spell library contained the following spells:

 Spells                   Type           Power      Damage    Failure   Level
 Chain Lightning          Conj/Air       67%        3d89      11%         9
 Foxfire                  Conj/Fire      100%       2x1d9     0%          1
 Kiss of Death            Conj/Necr      100%       2d13      0%          1
 Magic Dart               Conj           100%       1d8       0%          1
 Necrotise                Necr           100%       1d9       0%          1
 Sting                    Conj/Alch      100%       1d9       0%          1
 Summon Small Mammal      Summ           100%       N/A       0%          1
 Call Imp                 Summ           100%       N/A       0%          2
 Momentum Strike          Conj/Tloc      100%       3d10      0%          2
 Scorch                   Fire           100%       2d9       0%          2
 Searing Ray              Conj           100%       2d8       0%          2
 Slow                     Hex            100%       N/A       1%          1
 Cigotuvi's Dreadful Rot  Necr/Alch/Air  100%       N/A       1%          2
 Ensorcelled Hibernation  Hex/Ice        100%       N/A       1%          2
 Jinxbite                 Hex            100%       N/A       1%          2
 Lesser Beckoning         Tloc           100%       N/A       1%          2
 Mercury Vapours          Alch/Air       100%       N/A       1%          2
 Dazzling Flash           Conj/Hex       100%       N/A       0%          3
 Frozen Ramparts          Ice            100%       1d16      0%          3
 Hailstorm                Conj/Ice       100%       3d16      0%          3
 Inner Flame              Hex/Fire       100%       N/A       0%          3
 Mephitic Cloud           Conj/Alch/Air  100%       N/A       0%          3
 Stone Arrow              Conj/Erth      100%       3d13      0%          3
 Volatile Blastmotes      Fire/Tloc      100%       2d18      0%          3
 Flame Wave               Conj/Fire      100%       2d21      0%          4
 Sticky Flame             Fire/Alch      100%       2d15      0%          4
 Summon Blazeheart Golem  Fire/Summ      100%       N/A       0%          4
 Arcjolt                  Conj/Air       67%        1d77      0%          5
 Starburst                Conj/Fire      75%        6d19      0%          6
 Call Canine Familiar     Summ           89%        N/A       1%          3
 Confusing Touch          Hex            72%        N/A       1%          3
 Fugue of the Fallen      Necr           89%        N/A       1%          3
 Gell's Gravitas          Tloc           68%        N/A       1%          3
 Sigil of Binding         Hex            72%        N/A       1%          3
 Vampiric Draining        Necr           89%        2d12      1%          3
 Animate Armour           Summ/Erth      100%       N/A       1%          4
 Dispel Undead            Necr           89%        3d28      1%          4
 Manifold Assault         Tloc           68%        N/A       1%          4
 Martyr's Knell           Necr/Summ      89%        N/A       1%          4
 Olgreb's Toxic Radiance  Alch           64%        N/A       1%          4
 Summon Lightning Spire   Summ/Air       89%        N/A       1%          4
 Vhi's Electric Charge    Tloc/Air       100%       N/A       1%          4
 Borgnjor's Vile Clutch   Necr/Erth      52%        N/A       1%          5
 Curse of Agony           Necr           89%        N/A       1%          5
 Lee's Rapid Deconstruct  Erth           48%        3d23*     1%          5
 Summon Forest            Summ/Tloc      40%        N/A       1%          5
 Summon Mana Viper        Hex/Summ       81%        N/A       1%          5
 Bombard                  Conj/Erth      77%        9d12      1%          6
 Conjure Ball Lightning   Conj/Air       67%        3x3d25    1%          6
 Summon Cactus Giant      Summ           44%        N/A       1%          6
 Alistair's Intoxication  Alch           42%        N/A       4%          5
 Sculpt Simulacrum        Ice/Alch       40%        N/A       4%          6
 Maxwell's Capacitive Co  Air            44%        ∞         17%         8
 Dispersal                Tloc           34%        N/A       19%         6
 Malign Gateway           Summ/Tloc      40%        N/A       28%         7
 Summon Horrible Things   Summ           44%        N/A       54%         8
 Discord                  Hex            36%        N/A       99%         8
 Disjunction              Tloc           34%        N/A       100%        8
 Death's Door             Necr           44%        N/A       100%        9


Dungeon Overview and Level Annotations

Branches:
Dungeon (15/15)            Temple (1/1) D:7            Lair (5/5) D:8
  Swamp (4/4) Lair:3       Spider (4/4) Lair:3        Slime (0/5) Lair:4
    Orc (2/2) D:12            Elf (3/3) Orc:2        Vaults (5/5) D:14
  Crypt (0/3) Vaults:2     Depths (4/4) D:15            Zot (5/5) Depths:4
  IceCv (visited)          WizLab (visited)         Gauntlet (visited)

Altars:
Ashenzari
Cheibriados
Dithmenos
Elyvilon
Fedhas
Gozag
Hepliaklqana
Kikubaaqudgha
Makhleb
Nemelex Xobeh
Okawaru
Qazlal
Ru
Sif Muna
Trog
Uskayaw
Vehumet
Wu Jian
Xom
Yredelemnul
Zin
The Shining One
Jiyva

Shops:
D:7 (   D:9 (*==   Orc:1 [   Orc:2 !=(!   Elf:1 ((   Elf:3 ?   Vaults:1 (
Vaults:2 =

Annotations:
Lair:1 exclusion: downstairs
Lair:4 exclusion: 4 oklob plants
Elf:2 5 runed translucent doors, exclusion: 5 doors
Vaults:4 4 runed translucent doors
Zot:3 3 runed translucent doors, exclusion: obsidian statue, Sofait's ghost, legendary GnFE; Tiamat; Vv


Message History

Casting: Passwall (safe; 1% risk of failure)
Confirm with . or Enter, or press ? or * to list all spells.
Aiming: Passwall (safe; 1% risk of failure)
Press: ? - help, Dir - move target A rock wall.
This square is covered in magical glow.
You feel a surge of power!
You begin to meditate on the wall.
You continue meditating on the rock. x4
You finish merging with the rock.
Unknown command.
There is a stone staircase leading up here.
You climb upwards.
There is a stone staircase leading down, spattered with blood here.
Things that are here:
a +0 club; a +0 dagger
There is a stone staircase leading up here.
You climb upwards.
There is a stone staircase leading down here.
You see here a +0 club.
There is an escape hatch in the ceiling here.
A mysterious force pulls you upwards. The hatch slams shut behind you.
There is a stone staircase leading down here.
There is a stone staircase leading up here.
You climb upwards.
There is a stone staircase leading down here.
Casting: Passwall (safe; 1% risk of failure)
Confirm with . or Enter, or press ? or * to list all spells.
Aiming: Passwall (safe; 1% risk of failure)
Press: ? - help, Dir - move target A rock wall.
This square is covered in magical glow.
You feel a surge of power!
You begin to meditate on the wall.
You continue meditating on the rock. x3
Magic restored.
You finish merging with the rock.
Unknown command.
There is an open door here.
There is an open door here.
There is a staircase leading out of the dungeon here.
You have escaped!

#.##..##.#.#.##..##.# #.#
#.#.##.#.#.'.#.##.#.# #.#
#.#.#>##.#.#.##>#.#.# #.#
#.#.###.##.##.###.#.# #.#
#.##...###.###...##.# #.#
#.###### #.# ######.# #.#
##.## ##'## ##.## #.#
##.## #...# ##.## #.#
##.## #.@.# ##.#######.#
##.###...###.## #.....#
##.###'###.## #######
##.##.##.##
######.#.#.######
##...##.#.#.##...##
##.###.#.#.#.#.###.##
#.##>#.#.'.#.#(#>##.#####
#.#.##.#.#.#.#.##.#.#...#


There were no monsters in sight!

Vanquished Creatures
  2 dread liches (Zot:5)
  4 orbs of fire
  Sojobo (Vaults:4)
  Xtahua (Vaults:4)
  Boris (twice) (Vaults:2 Vaults:5)
  7 Killer Klowns
  Margery (Vaults:4)
  2 curse toes
  Saint Roka (Vaults:1)
  A golden dragon (Depths:4)
  Nikola (Vaults:3)
  The ghost of TPoD the Slayer, an adept HOMo of Beogh (Vaults:4)
  A Brimstone Fiend (D:7)
  2 bone dragons
  2 electric golems (Zot:5)
  A hellephant (Vaults:4)
  15 tentacled monstrosities
  A lich (Vaults:5)
  3 titans (Vaults:5)
  2 deep elf blademasters (Elf:3)
  12 quicksilver dragons
  19 Orb Guardians
  A walking divine tome (Depths:3)
  2 deep elf master archers (Elf:3)
  7 sphinxes
  6 death cobs
  Gastronok (D:8)
  4 ancient champions (WizLab)
  A thorn hunter (Swamp:2)
  12 shadow dragons
  6 storm dragons
  9 tengu reavers
  Donald (Vaults:3)
  A revenant (Vaults:2)
  5 draconian monks
  4 draconian knights
  7 protean progenitors
  3 fire giants
  14 vault wardens
  An iron dragon (Depths:3)
  9 draconian shifters
  5 frost giants
  7 deep elf sorcerers
  A spectral caustic shrike (WizLab)
  3 draconian scorchers
  5 emperor scorpions (Spider:4)
  5 deep elf elementalists
  8 ghost moths
  3 draconian stormcallers
  2 caustic shrike zombies (WizLab)
  5 very ugly things (Vaults:5)
  12 ironbound preservers
  8 ironbound thunderhulks
  5 draconian annihilators
  A vampire knight (Vaults:2)
  7 black draconians
  4 deep elf demonologists (Elf:3)
  9 deep elf death magi
  4 stone giants
  3 eleionomae
  13 green draconians
  8 deep elf annihilators
  A minotaur (Gauntlet)
  Azrael (Elf:2)
  24 purple draconians
  The ghost of Ceyroiss the Quickloader, a journeyman HuWn of Dithmenos (Lair:4)
  A war gargoyle (Vaults:5)
  17 dire elephants
  7 red draconians
  4 halazid warlocks (WizLab)
  3 eidola
  10 yellow draconians
  7 white draconians
  2 bunyips
  Snorg (D:13)
  2 shambling mangroves (Swamp:4)
  3 jiangshi (WizLab)
  2 fire dragons (Depths:4)
  6 ettins
  A quicksilver dragon zombie (WizLab)
  3 deep elf high priests
  14 yaktaur captains
  4 entropy weavers
  7 great orbs of eyes
  5 rakshasas
  31 vault guards
  26 hydras
  3 ogre magi (Orc:2)
  Fannar (D:11)
  15 ironbound frosthearts
  2 peacekeepers (Vaults:2)
  10 ice dragons
  8 radroaches
  3 catoblepae (Lair:5)
  A ghost crab (Swamp:2)
  9 alligators
  8 boulder beetles
  18 dancing weapons
  18 centaur warriors
  26 death yaks
  3 two-headed ogres
  4 deep troll shamans
  5 deep troll earth magi
  4 titan zombies (WizLab)
  4 demonic crawlers
  Urug (Lair:4)
  An occultist (Depths:2)
  2 orc high priests
  Nergalle (Orc:2)
  6 soul eaters
  5 hell knights
  A sun demon (Gauntlet)
  11 deep elf knights
  4 iron trolls (Depths:4)
  4 goliath frogs
  3 skeletal warriors
  A shadow wraith (WizLab)
  A deep troll (shapeshifter) (Vaults:5)
  6 pharaoh ants
  A sixfirhy (D:14)
  A death drake (Gauntlet)
  2 flayed ghosts (WizLab)
  An orb spider (shapeshifter) (Depths:1)
  10 orb spiders
  2 spriggan druids
  A mana viper (shapeshifter) (Depths:4)
  46 deep trolls
  A death drake (shapeshifter) (Vaults:5)
  6 arcanists
  4 bog bodies
  A shadow demon (D:5)
  An obsidian statue (Zot:3)
  15 deep elf archers
  3 glowing orange brains
  9 swamp dragons (Swamp:4)
  An orange crystal statue (IceCv)
  6 phantasmal warriors
  8 lindwurms
  17 ironbound convokers
  2 steelbarb worms (shapeshifter)
  4 sun moths
  22 deep elf pyromancers
  27 deep elf zephyrmancers
  A tengu zombie (Vaults:2)
  8 steelbarb worms
  6 necromancers
  6 harpies
  18 wolf spiders
  A stone giant zombie (Vaults:2)
  A frost giant zombie (Vaults:4)
  5 will-o-the-wisps
  4 cyclopes
  33 ugly things
  7 orc knights
  6 orc sorcerers (Orc:2)
  10 elephants
  10 manticores
  A water nymph (shapeshifter) (Vaults:5)
  A draconian skeleton (Zot:3)
  28 moths of wrath
  A rust devil (Zot:5)
  A spectral centaur (Gauntlet)
  A centaur zombie (Gauntlet)
  A kobold blastminer (Orc:2)
  3 eyes of devastation (Zot:5)
  Joseph (Lair:1)
  A torpor snail (shapeshifter) (Vaults:3)
  3 torpor snails
  A black mamba (Lair:2)
  15 vault sentinels
  Jeremiah (D:8)
  An eye of devastation (shapeshifter) (Vaults:4)
  A gargoyle (D:12)
  7 cane toads
  A hellion (Gauntlet)
  3 kobold demonologists (D:11)
  2 human zombies
  8 komodo dragons
  41 yaktaurs
  A yaktaur zombie (Vaults:2)
  5 freezing wraiths
  17 rime drakes
  A cane toad (shapeshifter) (D:15)
  2 efreet
  2 unseen horrors
  3 tengu conjurers (D:14)
  A guardian mummy (Zot:3)
  An elf skeleton (Vaults:4)
  A queen bee (shapeshifter) (Depths:3)
  3 bloated husks
  4 trolls
  10 tyrant leeches
  9 hornets
  An elf simulacrum (Vaults:5)
  2 hellwings (Zot:4)
  26 tarantellas
  15 polar bears
  19 blink frogs
  Prince Ribbit (D:8)
  A dream sheep (D:10)
  A spectral meliai (Gauntlet)
  2 glass eyes (shapeshifter)
  17 culicivoras
  20 jumping spiders
  8 shadows
  A stone giant simulacrum (Vaults:5)
  53 slime creatures
  38 yaks
  An ettin skeleton (Vaults:2)
  A wraith (Vaults:2)
  2 air elementals
  4 wyverns
  A yak (shapeshifter) (D:14)
  7 spriggans
  2 vampires
  9 basilisks
  7 fire elementals
  3 humans (D:14)
  8 water elementals
  A hog (D:10)
  45 redbacks
  A warg (Orc:2)
  2 steam dragons
  4 vampire mosquitoes (Swamp:4)
  A neqoxec (Depths:4)
  Menkaure (D:4)
  12 swamp worms
  2 acid dragons
  13 water moccasins
  2 hell hounds (Elf:2)
  22 orc warriors
  2 black bears
  11 laughing skulls (WizLab)
  8 swamp drakes (Swamp:4)
  3 ice beasts
  21 wolves
  11 ogres
  A boggart (Vaults:2)
  21 centaurs
  A human skeleton (Vaults:2)
  3 earth elementals
  10 bullfrogs
  A kobold brigand (D:9)
  A gnoll sergeant (D:8)
  6 scorpions
  A glowing shapeshifter simulacrum (Vaults:5)
  8 wights
  6 killer bees
  6 electric eels
  A howler monkey (D:9)
  A crimson imp (Depths:1)
  2 bombardier beetles
  A jelly (D:8)
  Crazy Yiuf (D:4)
  16 orc priests
  5 iguanas
  28 orc wizards
  A sleepcap (D:5)
  Natasha (twice) (D:4)
  8 gnolls
  7 adders
  4 shadow imps
  2 white imps
  6 ufetubi
  7 dart slugs
  A ribbon worm (D:2)
  70 orcs
  A bat (D:3)
  10 endoplasms
  5 giant cockroaches
  5 goblins
  5 hobgoblins
  5 jackals
  16 kobolds
  6 quokkas
  4 ball pythons
  4 frilled lizards
  9 rats
  4 aspiring fleshes
  3 fire vortices
1873 creatures vanquished.

Vanquished Creatures (collateral kills)
  Boris (Vaults:4)
  A golden dragon (Zot:3)
  A bone dragon (Zot:3)
  A tentacled monstrosity (Vaults:5)
  2 Orb Guardians
  The ghost of TobyConnect the Slayer, an adept MiFi of Gozag (Spider:3)
  A titan (Vaults:5)
  A death cob (Zot:2)
  An ancient champion (WizLab)
  Aizul (Vaults:1)
  2 shadow dragons (Zot:1)
  3 storm dragons
  3 fire giants
  2 emperor scorpions
  2 revenants (WizLab)
  A draconian monk (Zot:2)
  4 vault wardens
  2 iron dragons (Vaults:5)
  A deep elf elementalist (Elf:3)
  2 ironbound preservers
  A draconian annihilator (Zot:2)
  A draconian stormcaller (Zot:2)
  4 stone giants
  A demonspawn black sun (Zot:5)
  2 green draconians (Zot:3)
  A white draconian (Zot:1)
  3 purple draconians (Zot:2)
  2 black draconians (Zot:1)
  A red draconian (Zot:1)
  2 dire elephants
  An eidolon (WizLab)
  A yaktaur captain (Vaults:4)
  A great orb of eyes (Vaults:4)
  3 vault guards
  A boulder beetle (Spider:4)
  A dancing weapon (Elf:3)
  A skeletal warrior (WizLab)
  2 spark wasp zombies (WizLab)
  A spectral spark wasp (WizLab)
  A deep troll (Vaults:5)
  2 orb spiders
  An arcanist (Vaults:4)
  A glowing orange brain (Vaults:4)
  A flayed ghost (WizLab)
  2 deep elf zephyrmancers (Elf:3)
  5 phantasmal warriors
  A spectral wolf spider (WizLab)
  A steelbarb worm (Spider:4)
  A deep elf pyromancer (Elf:3)
  An ugly thing (Vaults:4)
  A wolf spider (Vaults:2)
  A vault sentinel (Vaults:4)
  A black draconian zombie (Zot:3)
  A freezing wraith (Vaults:5)
  A tarantella (Spider:4)
  2 slime creatures (Vaults:4)
  2 jumping spiders (Spider:3)
  2 culicivoras (Spider:4)
  A yak (D:10)
  2 wyverns (D:10)
  A redback (Spider:4)
  An elf zombie (Vaults:4)
  A swamp worm (Zot:2)
  An orc warrior (Vaults:5)
  A laughing skull (WizLab)
  A centaur (D:8)
  An ogre (D:7)
  A scorpion (D:6)
  6 wights
  2 bombardier beetles (D:5)
  A jelly (D:8)
  An orc wizard (D:10)
  Natasha (D:4)
  2 adders
  2 gnolls
  An ufetubus (D:7)
  7 orcs
  2 kobolds
127 creatures vanquished.

Vanquished Creatures (others)
  An entropy weaver (Vaults:3)
  A rime drake (IceCv)
  2 yaks (D:10)
  A sky beast (D:7)
  335 fire vortices
  8 foxfires (Swamp:4)
348 creatures vanquished.

Grand Total: 2348 creatures vanquished

Notes
Turn   | Place    | Note
-------+----------+-------------------------------------------
     0 | D:1      | Armakuni the Deep Elf Gladiator began the quest for the
                  | Orb.
     0 | D:1      | Reached XP level 1. HP: 12/12 MP: 3/3
   278 | D:1      | Reached XP level 2. HP: 17/17 MP: 4/4
  1274 | D:2      | Reached XP level 3. HP: 22/22 MP: 5/5
  1642 | D:2      | Learned a level 2 spell: Blink
  1762 | D:2      | Found a shimmering altar of Xom.
  1774 | D:2      | Reached skill level 1 in Spellcasting
  1907 | D:2      | Reached skill level 2 in Spellcasting
  1907 | D:2      | Reached XP level 4. HP: 28/28 MP: 7/9
  1910 | D:2      | Learned a level 2 spell: Call Imp
  2471 | D:3      | Reached skill level 1 in Summonings
  3112 | D:3      | Reached XP level 5. HP: 32/32 MP: 7/10
  3548 | D:4      | Noticed Menkaure
  3633 | D:5      | Entered Level 5 of the Dungeon
  3633 | D:5      | Found a glowing golden altar of the Shining One.
  4034 | D:5      | Reached skill level 5 in Summonings
  4034 | D:5      | Reached XP level 6. HP: 37/37 MP: 9/11
  4186 | D:4      | Noticed Natasha
  4187 | D:4      | Found an ornate altar of the Wu Jian Council.
  4195 | D:4      | Killed Natasha
  4324 | D:5      | Found a stormy altar of Qazlal.
  4972 | D:5      | Reached XP level 7. HP: 37/41 MP: 10/12
  5035 | D:5      | Found a hazy altar of Hepliaklqana.
  5919 | D:6      | Noticed a steam dragon
  5930 | D:6      | Killed a steam dragon
  5931 | D:6      | Reached XP level 8. HP: 34/46 MP: 11/13
  6021 | D:6      | Reached skill level 10 in Summonings
  6928 | D:6      | Reached skill level 5 in Fighting
  7175 | D:7      | Found a staircase to the Ecumenical Temple.
  7191 | Temple   | Entered the Ecumenical Temple
  7195 | Temple   | Became a worshipper of Vehumet
  7256 | D:7      | Reached skill level 5 in Dodging
  7310 | D:7      | Reached skill level 1 in Armour
  7593 | D:7      | Reached XP level 9. HP: 22/54 MP: 10/14
  7725 | D:7      | Found Qoschiwu's Weapon Shop.
  7742 | D:7      | Bought a +0 orcbow for 49 gold pieces
  7871 | D:7      | Reached skill level 1 in Ranged Weapons
  7959 | D:7      | Reached * piety under Vehumet
  7959 | D:7      | Offered knowledge of Sting by Vehumet.
  7963 | D:7      | Learned a level 1 spell: Sting
  8258 | D:8      | Found a staircase to the Lair.
  8315 | D:8      | Reached skill level 1 in Conjurations
  8315 | D:8      | Reached skill level 1 in Alchemy
  8590 | D:8      | Learned a level 3 spell: Ozocubu's Armour
  8790 | D:8      | Identified the +0 scale mail of the Moon {Dex+3}
  8952 | D:8      | Noticed Jeremiah
  8959 | D:8      | Killed Jeremiah
  8971 | D:8      | Reached skill level 5 in Conjurations
  9114 | D:8      | Found a blossoming altar of Fedhas.
  9114 | D:8      | Found a shadowy altar of Dithmenos.
  9116 | D:8      | Noticed Prince Ribbit
  9126 | D:8      | Killed Prince Ribbit
  9671 | D:4      | Noticed Natasha
  9674 | D:4      | Killed Menkaure
  9680 | D:4      | Killed Natasha
  9784 | D:4      | Found a runed translucent door.
  9785 | D:4      | Noticed Crazy Yiuf
  9795 | D:4      | Killed Crazy Yiuf
  9846 | D:4      | Noticed Natasha
  9856 | D:4      | Killed Natasha
  9933 | D:9      | Found Gixeabb's General Store.
  9940 | D:9      | Bought a scroll of revelation for 120 gold pieces
  9940 | D:9      | Bought a scroll of enchant armour for 120 gold pieces
 10159 | D:8      | Reached XP level 10. HP: 49/59 MP: 15/15
 10238 | D:9      | Reached ** piety under Vehumet
 10239 | D:9      | Offered knowledge of Scorch by Vehumet.
 10251 | D:9      | Learned a level 5 spell: Arcjolt
 10260 | D:9      | Found Rusucla's Weapon Shoppe.
 10262 | D:9      | Found Wishe's Jewellery Boutique.
 10267 | D:9      | Bought a ring of wizardry for 360 gold pieces
 10307 | D:9      | Found a burning altar of Makhleb.
 10307 | D:9      | Found a glowing silver altar of Zin.
 10308 | D:9      | Noticed an angel
 10308 | D:9      | Noticed a blizzard demon
 10467 | D:9      | Found Boxzaw's Jewellery Boutique.
 10467 | D:9      | Noticed a two-headed ogre
 10485 | D:9      | Killed a two-headed ogre
 10486 | D:9      | Reached skill level 3 in Spellcasting
 10796 | D:9      | Noticed Gastronok
 10816 | D:10     | Entered Level 10 of the Dungeon
 11382 | D:9      | Found a sacrificial altar of Ru.
 11612 | D:10     | Found a white marble altar of Elyvilon.
 11645 | D:10     | Reached skill level 4 in Spellcasting
 11867 | D:10     | Reached skill level 5 in Spellcasting
 12319 | D:10     | Found a runed translucent gate.
 12321 | D:10     | Found a runed translucent gate.
 12322 | D:10     | Found a runed translucent gate.
 12323 | D:10     | Noticed a manticore
 12333 | D:10     | Noticed a manticore
 12333 | D:10     | Noticed a death yak
 12333 | D:10     | Noticed a death yak
 12334 | D:10     | Noticed a manticore
 12642 | D:11     | Noticed Fannar
 12953 | D:11     | Reached skill level 5 in Air Magic
 13061 | D:11     | Reached skill level 10 in Conjurations
 13063 | D:11     | Offered knowledge of Mephitic Cloud by Vehumet.
 13068 | D:11     | Learned a level 3 spell: Mephitic Cloud
 13141 | D:11     | Reached skill level 6 in Spellcasting
 13226 | D:8      | Killed Gastronok
 13227 | D:8      | Reached skill level 7 in Spellcasting
 13227 | D:8      | Reached XP level 11. HP: 39/63 MP: 9/24
 13693 | D:11     | Reached skill level 8 in Spellcasting
 13738 | D:11     | Killed Fannar
 13739 | D:11     | Reached skill level 9 in Spellcasting
 13886 | D:11     | Reached *** piety under Vehumet
 13887 | D:11     | Reached skill level 10 in Spellcasting
 15079 | D:12     | Noticed a boulder beetle
 15080 | D:12     | Noticed a skeletal warrior
 15081 | D:12     | Noticed Nessos
 15386 | Lair:1   | Entered Level 1 of the Lair of Beasts
 15773 | Lair:1   | Noticed Joseph
 16367 | Lair:1   | Killed Joseph
 16457 | Lair:2   | Noticed an eight-headed hydra
 16584 | Lair:2   | Reached XP level 12. HP: 64/68 MP: 10/28
 16741 | Lair:2   | Identified a scroll of acquirement
 16742 | Lair:2   | Acquired the +2 pair of boots of Domom {Dex+3 Slay+5}
 16825 | Lair:2   | Reached skill level 10 in Air Magic
 16861 | Lair:2   | Killed an eight-headed hydra
 16862 | Lair:2   | Reached skill level 5 in Evocations
 16993 | Lair:2   | Reached skill level 1 in Ice Magic
 17109 | Lair:2   | Offered knowledge of Iskenderun's Mystic Blast by Vehumet.
 17114 | Lair:2   | Reached skill level 1 in Translocations
 17119 | Lair:2   | Learned a level 4 spell: Iskenderun's Mystic Blast
 17541 | Lair:3   | Noticed a death yak
 17541 | Lair:3   | Noticed a death yak
 17542 | Lair:3   | Noticed a death yak
 17542 | Lair:3   | Noticed a death yak
 17543 | Lair:3   | Noticed a death yak
 17543 | Lair:3   | Noticed a death yak
 17826 | Lair:3   | Reached **** piety under Vehumet
 17827 | Lair:3   | Reached skill level 5 in Ice Magic
 17836 | Lair:3   | Found a hole to the Spider Nest.
 18229 | Lair:3   | Noticed a death yak
 18230 | Lair:3   | Noticed a death yak
 18244 | Lair:3   | Noticed a death yak
 18245 | Lair:3   | Noticed a death yak
 18245 | Lair:3   | Noticed a death yak
 18249 | Lair:3   | Killed a death yak
 18249 | Lair:3   | Offered knowledge of Freezing Cloud by Vehumet.
 18250 | Lair:3   | Noticed a death yak
 18277 | Lair:2   | Killed a death yak
 18509 | Lair:2   | Killed a death yak
 18650 | Lair:3   | Found a staircase to the Swamp.
 18657 | Lair:3   | Reached XP level 13. HP: 76/76 MP: 29/29
 18807 | Lair:3   | You fall into a shaft and drop 1 floor!
 19470 | Lair:4   | Found a runed translucent gate.
 19470 | Lair:4   | Found a runed translucent gate.
 19470 | Lair:4   | Found a runed translucent gate.
 19470 | Lair:4   | Noticed Ceyroiss's ghost (journeyman HuWn)
 19738 | Lair:4   | Noticed Urug
 19751 | Lair:4   | Killed Urug
 20283 | D:9      | Bought an amulet of magic regeneration for 330 gold pieces
 20592 | Lair:4   | Found a viscous altar of Jiyva.
 20917 | Lair:5   | Entered Level 5 of the Lair of Beasts
 21557 | Lair:5   | Learned a level 5 spell: Freezing Cloud
 21573 | Lair:5   | Learned a level 5 spell: Metabolic Englaciation
 21579 | Lair:5   | Reached ***** piety under Vehumet
 21838 | Lair:5   | Offered knowledge of Ozocubu's Refrigeration by Vehumet.
 22214 | Lair:5   | Reached skill level 11 in Spellcasting
 22214 | Lair:5   | Reached XP level 14. HP: 79/84 MP: 26/31
 22412 | Lair:5   | Reached skill level 12 in Spellcasting
 22439 | Lair:5   | Reached skill level 5 in Hexes
 22450 | Lair:5   | Learned a level 7 spell: Ozocubu's Refrigeration
 22803 | Lair:4   | Found a staircase to the Slime Pits.
 23349 | Lair:4   | Killed Ceyroiss's ghost
 23350 | Lair:4   | Reached skill level 13 in Spellcasting
 23579 | D:9      | Bought a potion of mutation for 128 gold pieces
 23632 | D:10     | Reached skill level 14 in Spellcasting
 23734 | D:10     | Identified the +8 scimitar "Hyeq" {pain, rPois rF- rC+}
 23917 | D:11     | Reached skill level 15 in Spellcasting
 24026 | D:12     | Nessos changed into Nessos the manticore
 24026 | D:12     | Noticed Nessos
 24031 | D:12     | Killed Nessos the manticore
 24213 | D:12     | Found a staircase to the Orcish Mines.
 24859 | D:13     | Offered knowledge of Bombard by Vehumet.
 25401 | Orc:1    | Entered Level 1 of the Orcish Mines
 25541 | Orc:1    | Found Icolad's Antique Armour Shop.
 25925 | Orc:2    | Entered Level 2 of the Orcish Mines
 25936 | Orc:2    | Found a staircase to the Elven Halls.
 26073 | Orc:2    | Reached XP level 15. HP: 48/88 MP: 27/36
 26398 | Orc:2    | Reached skill level 10 in Ice Magic
 26593 | Orc:2    | Found Zuup's Antique Weapon Boutique.
 26618 | Orc:2    | Found an ancient bone altar of Kikubaaqudgha.
 26618 | Orc:2    | Noticed Nergalle
 26629 | Orc:2    | Killed Nergalle
 26641 | Orc:2    | Found Miewih's Jewellery Boutique.
 26671 | Orc:2    | Found Nefais's Distillery.
 26680 | Orc:2    | Learned a level 6 spell: Bombard
 26691 | Orc:2    | Bought a potion of heal wounds for 80 gold pieces
 26691 | Orc:2    | Bought a potion of heal wounds for 80 gold pieces
 26691 | Orc:2    | Bought a potion of mutation for 128 gold pieces
 26691 | Orc:2    | Bought a potion of mutation for 128 gold pieces
 26691 | Orc:2    | Bought a potion of cancellation for 128 gold pieces
 26691 | Orc:2    | Bought a potion of ambrosia for 128 gold pieces
 26712 | Orc:2    | Found a radiant altar of Vehumet.
 26731 | Orc:2    | Found Icemociu's Distillery.
 26739 | Orc:2    | Bought a potion of heal wounds for 60 gold pieces
 26791 | Orc:2    | Reached skill level 1 in Earth Magic
 26843 | Orc:2    | Bought a potion of mutation for 96 gold pieces
 27092 | Orc:1    | Bought a pair of glowing gloves for 157 gold pieces
 27092 | Orc:1    | Bought a crude ring mail for 189 gold pieces
 27092 | Orc:1    | Identified the +1 ring mail of the Silversmith {rC+} (You
                  | bought it in a shop on level 1 of the Orcish Mines)
 27324 | Spider:1 | Entered Level 1 of the Spider Nest
 27671 | Spider:1 | Reached skill level 5 in Earth Magic
 29051 | Spider:2 | Reached skill level 16 in Spellcasting
 29066 | Spider:2 | Offered knowledge of Irradiate by Vehumet.
 29406 | Swamp:1  | Entered Level 1 of the Swamp
 29445 | Swamp:1  | Learned a level 5 spell: Irradiate
 29462 | Swamp:1  | Reached skill level 17 in Spellcasting
 29648 | Swamp:1  | Identified the +1 war axe "Haol" {distort, +Blink Int+2}
 29860 | Swamp:1  | Learned a level 1 spell: Apportation
 30335 | Swamp:2  | Noticed a thorn hunter
 30341 | Swamp:2  | Killed a thorn hunter
 30342 | Swamp:2  | Reached skill level 18 in Spellcasting
 30384 | Swamp:2  | Reached XP level 16. HP: 65/93 MP: 37/40
 30503 | Swamp:2  | You fall into a shaft and drop 1 floor!
 30692 | Swamp:3  | Reached skill level 19 in Spellcasting
 30763 | Swamp:3  | Found a glacial archway.
 30769 | IceCv    | Entered an ice cave
 30775 | IceCv    | Offered knowledge of Iskenderun's Battlesphere by Vehumet.
 31208 | IceCv    | Reached skill level 20 in Spellcasting
 31654 | IceCv    | Reached skill level 15 in Conjurations
 31693 | IceCv    | Got the Compendium of the Tundra
 32386 | Swamp:3  | Identified the +10 short sword of Scorn {drain, rN+ SInv}
 32694 | Swamp:4  | Entered Level 4 of the Swamp
 32896 | Swamp:4  | Got the Anthology of Wanderlust and the Familiar
 33108 | Swamp:4  | Offered knowledge of Spellforged Servitor by Vehumet.
 33113 | Swamp:4  | Reached XP level 17. HP: 89/97 MP: 29/43
 33124 | Swamp:4  | Reached ****** piety under Vehumet
 33141 | Swamp:4  | Got a decaying rune of Zot
 33339 | Swamp:4  | Learned a level 7 spell: Spellforged Servitor
 34916 | Spider:3 | Offered knowledge of Orb of Destruction by Vehumet.
 35328 | Spider:3 | Found a runed translucent door.
 35329 | Spider:3 | Noticed TobyConnect's ghost (adept MiFi)
 35348 | Spider:3 | Killed TobyConnect's ghost
 35356 | Spider:3 | Identified the +1 rapier "Nubb" {heavy, rC+ Int+2}
 35449 | Spider:4 | Entered Level 4 of the Spider Nest
 35831 | Spider:4 | Acquired the ring "Teumit" {rF+ Will+ Str+7}
 36872 | Spider:4 | Offered knowledge of Plasma Beam by Vehumet.
 36894 | Spider:4 | Reached XP level 18. HP: 75/105 MP: 22/44
 36972 | Spider:4 | Got a gossamer rune of Zot
 37151 | Lair:1   | Learned a level 6 spell: Plasma Beam
 37271 | Elf:1    | Entered Level 1 of the Elven Halls
 37512 | Elf:1    | Found Wepsamog's Weapon Emporium.
 37512 | Elf:1    | Found Acarorgha's Antique Weapon Shoppe.
 37545 | Elf:1    | Paralysed by an air elemental for 1 turns
 37581 | Elf:1    | Reached skill level 10 in Fighting
 38576 | Elf:2    | Found a magical portal.
 38581 | WizLab   | Entered Borgnjor's Mausoleum
 38632 | WizLab   | Reached skill level 21 in Spellcasting
 38957 | WizLab   | Offered knowledge of Fire Storm by Vehumet.
 38957 | WizLab   | Offered knowledge of Chain Lightning by Vehumet.
 38957 | WizLab   | Offered knowledge of Polar Vortex by Vehumet.
 38991 | WizLab   | Reached skill level 22 in Spellcasting
 39848 | WizLab   | Reached skill level 23 in Spellcasting
 40002 | WizLab   | Got Borgnjor's Lectures on Debased Acts
 40401 | Elf:2    | Reached XP level 19. HP: 112/112 MP: 40/48
 40466 | Elf:2    | Noticed Azrael
 40468 | Elf:2    | Killed Azrael
 40668 | Elf:2    | Found a huge runed translucent gate.
 40668 | Elf:2    | Found a huge runed translucent gate.
 40679 | Elf:2    | Found a huge runed translucent gate.
 40693 | Elf:2    | Found a huge runed translucent gate.
 40693 | Elf:2    | Found a huge runed translucent gate.
 40729 | Elf:3    | Entered Level 3 of the Elven Halls
 40768 | Elf:3    | Found Niptenec's Magic Scroll Emporium.
 40773 | Elf:3    | Bought a scroll of blinking for 127 gold pieces
 40773 | Elf:3    | Bought a scroll of teleportation for 51 gold pieces
 40879 | Elf:3    | Reached skill level 24 in Spellcasting
 40896 | Elf:3    | Learned a level 9 spell: Fire Storm
 40944 | Elf:3    | Reached skill level 1 in Shields
 42208 | Elf:3    | Reached skill level 5 in Shields
 42554 | Elf:3    | Identified the +8 morningstar of Valiance {holy, Str+5
                  | Int+3 Dex-4}
 42573 | Elf:3    | Reached skill level 1 in Fire Magic
 42864 | Elf:3    | Identified the +8 quarterstaff of Metojeaz {drain, rPois
                  | rC+ rN+ Str-4}
 42995 | Elf:3    | Reached skill level 5 in Fire Magic
 43248 | Elf:3    | Identified the staff of Bakod {rElec rC+ Str-4 Conj Earth}
 43279 | Elf:3    | Got Vocsoihogu's Compendium of the Terrestrial Jaunt
 43517 | Orc:2    | Bought a potion of resistance for 120 gold pieces
 43517 | Orc:2    | Bought a potion of curing for 36 gold pieces
 43517 | Orc:2    | Bought a potion of curing for 36 gold pieces
 43517 | Orc:2    | Bought a potion of curing for 36 gold pieces
 43517 | Orc:2    | Bought a potion of curing for 36 gold pieces
 43517 | Orc:2    | Bought a potion of brilliance for 48 gold pieces
 43548 | Orc:2    | Bought a potion of brilliance for 64 gold pieces
 43911 | D:13     | Noticed Snorg
 43915 | D:13     | Killed Snorg
 44557 | D:14     | Found a gate to the Vaults.
 44897 | D:15     | Entered Level 15 of the Dungeon
 44933 | D:15     | Found a gate leading to a gauntlet.
 44948 | Gauntlet | Entered a Gauntlet
 44948 | Gauntlet | Found a transporter.
 44970 | Gauntlet | Found a transporter.
 44973 | Gauntlet | Found a transporter.
 44974 | Gauntlet | Found a transporter.
 44985 | Gauntlet | Found a transporter.
 44986 | Gauntlet | Found a transporter.
 44996 | Gauntlet | Found a transporter.
 44998 | Gauntlet | Found a transporter.
 44999 | Gauntlet | Found a transporter.
 45006 | Gauntlet | Found a runed translucent door.
 45008 | Gauntlet | Found a transporter.
 45011 | Gauntlet | Found a transporter.
 45012 | Gauntlet | Found a transporter.
 45021 | Gauntlet | Found a transporter.
 45068 | Gauntlet | Found a transporter.
 45145 | Gauntlet | Identified the staff of Big Damage {rC++ Dex-5 SInv Conj
                  | Necro}
 45147 | Gauntlet | Identified the +4 chain mail of Duhuory {+Blink rN+}
 45459 | Gauntlet | Identified the amulet of Law {RegenMP Dex+2}
 45491 | Gauntlet | Identified the +3 hat of Seabb {rCorr Str+4}
 45509 | Gauntlet | Found the +15 Maxwell's patent armour {-Cast -Tele rElec
                  | Will+ rCorr}
 45619 | D:15     | Found a basalt altar of Yredelemnul.
 45641 | D:15     | Identified the +0 robe "Sesub" {^Drain rF- rN+++ SInv
                  | Archmagi}
 45885 | D:15     | Reached skill level 10 in Fire Magic
 46170 | D:15     | Found a staircase to the Depths.
 46207 | D:15     | Reached XP level 20. HP: 117/117 MP: 50/50
 46543 | Vaults:1 | Entered Level 1 of the Vaults
 46708 | Vaults:1 | Found Vuprech's Weapon Shop.
 47205 | Vaults:1 | Identified the serpent talisman of Gestures {rF- Will++}
 47205 | Vaults:1 | Noticed Aizul
 47214 | Vaults:1 | Killed Aizul
 47855 | Vaults:1 | Noticed Saint Roka
 47901 | Vaults:1 | Killed Saint Roka
 48501 | Vaults:2 | Found Fouzuint's Jewellery Boutique.
 48505 | Vaults:2 | Bought the ring of Tender Moments {rC+ rN+ rCorr Int-4
                  | SInv} for 516 gold pieces
 48519 | Vaults:2 | Reached skill level 15 in Fire Magic
 48679 | Vaults:2 | Noticed Boris
 48687 | Vaults:2 | Killed Boris
 49550 | Vaults:2 | Found a staircase to the Crypt.
 49897 | Vaults:2 | Reached XP level 21. HP: 101/122 MP: 51/51
 51008 | Vaults:3 | Noticed Donald
 51009 | Vaults:3 | Killed Donald
 51345 | Vaults:3 | Noticed Nikola
 51351 | Vaults:3 | Killed Nikola
 51615 | Vaults:4 | Noticed Xtahua
 51896 | Vaults:4 | Noticed Boris
 51907 | Vaults:4 | Killed Boris
 52133 | Vaults:4 | Killed Xtahua
 52327 | Vaults:4 | Paralysed by an air elemental for 1 turns
 52328 | Vaults:4 | Noticed Sojobo
 52344 | Vaults:4 | Killed Sojobo
 52613 | Vaults:4 | Noticed Margery
 52622 | Vaults:4 | Killed Margery
 52627 | Vaults:4 | Reached skill level 25 in Spellcasting
 52706 | Vaults:4 | Learned a level 8 spell: Lehudib's Crystal Spear
 52716 | Vaults:4 | Learned a level 9 spell: Polar Vortex
 53063 | Vaults:4 | Reached XP level 22. HP: 127/127 MP: 53/53
 53218 | Vaults:4 | Found a large runed translucent door.
 53218 | Vaults:4 | Found a large runed translucent door.
 53218 | Vaults:4 | Found a large runed translucent door.
 53218 | Vaults:4 | Found a large runed translucent door.
 53218 | Vaults:4 | Noticed TPoD's ghost (adept HOMo)
 53219 | Vaults:4 | Found a large runed translucent door.
 53219 | Vaults:4 | Found a large runed translucent door.
 53219 | Vaults:4 | Found a large runed translucent door.
 53219 | Vaults:4 | Found a large runed translucent door.
 53235 | Vaults:4 | Killed TPoD's ghost
 53298 | Vaults:4 | Reached skill level 26 in Spellcasting
 53622 | Vaults:5 | Entered Level 5 of the Vaults
 53636 | Vaults:5 | Reached skill level 27 in Spellcasting
 53840 | Vaults:5 | Identified the +5 flail "Nesompoe" {freeze, rF+ Will++}
 54047 | Vaults:5 | Noticed Boris
 54049 | Vaults:5 | Killed Boris
 54204 | Vaults:5 | Identified the +9 spear of False Hope {pain, rElec rPois
                  | rF+}
 54247 | Vaults:5 | Identified the +5 morningstar of Fedhas's Grace {freeze,
                  | rC++ rCorr Str+5}
 54366 | Vaults:5 | Identified the +6 halberd of Patience {freeze, ^Fragile Fly
                  | rElec rPois}
 54515 | Vaults:5 | Got a silver rune of Zot
 54656 | Vaults:5 | Identified the +0 robe "Gukixt" {rElec rPois Str+3 Int-5}
 54749 | Vaults:5 | Got the Omnibus of the Beekeeper
 54855 | Vaults:5 | Got Pyahuh's Excursus on Graupel and Transfiguration
 54861 | Vaults:5 | Identified the +1 scale mail "Yjaf" {rC++ Int-4}
 54869 | Vaults:5 | Identified the +10 scale mail of the New World {rF+ rCorr}
 55427 | Depths:1 | Entered Level 1 of the Depths
 55553 | Depths:2 | Reached XP level 23. HP: 132/132 MP: 56/56
 55666 | Depths:4 | Entered Level 4 of the Depths
 55951 | Depths:4 | Found a gate to the Realm of Zot.
 55972 | Depths:4 | Got a midnight gem with 2427 turns to spare
 56038 | Zot:1    | Entered Level 1 of the Realm of Zot
 56205 | Zot:2    | Learned a level 7 spell: Ozocubu's Refrigeration
 56515 | Zot:3    | Noticed a Killer Klown
 56573 | Zot:3    | Killed a Killer Klown
 56575 | Zot:3    | Found the +4 dragonskin cloak
 56575 | Zot:3    | Noticed Tiamat
 57055 | Zot:2    | Noticed a Killer Klown
 57060 | Zot:2    | Killed a Killer Klown
 57441 | Zot:2    | Noticed a Killer Klown
 57444 | Zot:2    | Killed a Killer Klown
 57498 | Zot:2    | Noticed a Killer Klown
 57504 | Zot:2    | Killed a Killer Klown
 57802 | Zot:2    | Identified the +11 crystal plate armour of Servitude {rElec
                  | rF++ Int+2 Dex-4}
 58576 | Zot:1    | Found an ancient bone altar of Kikubaaqudgha.
 58593 | Zot:1    | Reached XP level 24. HP: 129/136 MP: 9/56
 58632 | Zot:1    | Reached skill level 1 in Necromancy
 58777 | Zot:1    | Learned a level 2 spell: Sublimation of Blood
 59708 | Zot:2    | Reached skill level 5 in Necromancy
 60121 | Zot:3    | Noticed Vv
 60150 | Zot:3    | Noticed Sofait's ghost (legendary GnFE)
 60150 | Zot:3    | Found an opulent altar of Gozag.
 60150 | Zot:3    | Found a runed translucent gate.
 60150 | Zot:3    | Found a runed translucent gate.
 60150 | Zot:3    | Found a runed translucent gate.
 60197 | Zot:3    | Reached skill level 10 in Necromancy
 61112 | Zot:4    | Noticed an orb of fire
 61114 | Zot:4    | Killed an orb of fire
 61169 | Zot:5    | Entered Level 5 of the Realm of Zot
 61240 | Zot:5    | Noticed a dread lich
 61700 | Zot:5    | Killed a dread lich
 61709 | Zot:5    | Noticed a dread lich
 61713 | Zot:5    | Killed a dread lich
 61783 | Zot:5    | Reached XP level 25. HP: 141/141 MP: 45/56
 61815 | Zot:5    | Noticed a Killer Klown
 61818 | Zot:5    | Killed a Killer Klown
 61848 | Zot:5    | Noticed an orb of fire
 61853 | Zot:5    | Noticed a Killer Klown
 61869 | Zot:5    | Killed a Killer Klown
 61892 | Zot:5    | Killed an orb of fire
 62085 | Zot:5    | Noticed a Killer Klown
 62088 | Zot:5    | Killed a Killer Klown
 62090 | Zot:5    | Noticed an orb of fire
 62094 | Zot:5    | Killed an orb of fire
 62139 | Zot:5    | Noticed an orb of fire
 62146 | Zot:5    | Killed an orb of fire
 62235 | Zot:5    | Got the Orb of Zot
 62348 | Zot:2    | Learned a level 3 spell: Passwall
 62696 | D:$      | Escaped with the Orb!

Illustrated notes

Levels and vault maps discovered:
D:1:      roderic_lyre, layout_loops_corners, minmay_rat_gold_closets
D:2:      layout_basic, basic_altar
D:3:      layout_loops_ring
D:4:      layout_basic, nzn_wu_jian_contemplation, uniq_menkaure,
          uniq_crazy_yiuf_cottage, uniq_natasha
D:5:      layout_layer_cave, nicolae_qazlal_general_emergency,
          amcnicky_altar_gilded, nicolae_hepliaklqana_hazy_memory,
          palyth_stone_intersect, serial_bayou_pond_b
D:6:      layout_gridville
D:7:      layout_cave_pods, minmay_temple_entry_offerings, serial_shops,
          shop_coins, st_stairs_10, bh_walls_and_bars
D:8:      layout_basic, chequers_temple_overflow_statue_of_worship,
          lair_entry_dummy, dk_vineyard_2, uniq_jeremiah, uniq_prince_ribbit1
D:9:      layout_long_grid, grunt_temple_overflow_order_and_chaos_2,
          nicolae_ru_the_path_less_chosen, serial_shops, shop,
          nicolae_shop_stone, nicolae_shop_tiny_waterfront, shop,
          minmay_misc_feat_doors, uniq_gastronok
D:10:     lemuel_bear_cage, layout_long_grid, general_overflow_altar,
          minmay_crystal_water
D:11:     layout_basic, uniq_fannar
D:12:     layout_cave_pools, orc_0_dummy, uniq_nessos
D:13:     layout_rooms, uniq_snorg
D:14:     layout_roguey, hellmonk_vaults_keyhole, serial_park_fountain,
          kennysheep_generic_room_10
D:15:     grunt_enter_depths_hoard, layout_irregular_city,
          gauntlet_entry_generic, columned_hall_lemuel, chequers_arboretum,
          yredelemnul_altar_generic
Temple:   nicolae_temple_x_marks_the_god
Lair:1:   layout_chaotic_city, grunt_megastairs_2, uniq_joseph
Lair:2:   layout_regular_city, grunt_megastairs_4, serial_bayou_shore_a
Lair:3:   layout_hall_layers, minmay_swamp_entry_worms,
          nicolae_spider_entry_lesser_pyramids, beast_lair_carwin_5
Lair:4:   layout_roguey, minmay_slime_entry_oklob_enclosed,
          gammafunk_ghost_split, minmay_lair_drake_nest, uniq_urug
Lair:5:   evilmike_catoblepas_cave, layout_long_grid, serial_bayou_shore_b,
          serial_bayou_shore_b
Swamp:1:  layout_falls_marsh, nicolae_swamp_very_dense_foliage
Swamp:2:  layout_falls_marsh, evilmike_swamp_ruin_wall, swamp_pool_1_2
Swamp:3:  layout_basic_swamp, portal_ice_cave_entry_horrid_things,
          evilmike_swamp_ruin_house_5
Swamp:4:  swamp, layout_basic_swamp, swamp_pool_4, nicolae_swamp_baby_hydras,
          infiniplex_staircase_pool
Spider:1: layout_chambers, nicolae_spider_solar_radiation
Spider:2: layout_spider_delve
Spider:3: layout_spider_delve, ebering_ghost_reflecting_pool
Spider:4: grunt_spider_rune_circles
Orc:1:    layout_caves, serial_shops, shop
Orc:2:    kennysheep_orc_mage_school, layout_caves, basic_altar,
          nicolae_orc_sculptors_studio, minmay_orc_barracks
Elf:1:    nicolae_elf_arrival_fired_up, layout_rooms,
          hangedman_elven_crosses_minicolossus, minmay_shoptagon
Elf:2:    elven_hall_of_blades_hangedman_alternative
          [nicolae_blade_entry_pointy_end], layout_geoelf_octagon,
          mu_enter_wizlab_6, uniq_azrael
Elf:3:    grunt_elf_hall_diamonds, layout_geoelf_octagon, serial_shops, shop
Vaults:1: nicolae_vaults_stairing_the_circle, vaults_standard_mumra_x,
          v_misc_22, ontoclasm_vaults_idyll, st_lattice, vaults_room_pool,
          nicolae_vaults_trapezoid_lopsided_1, nicolae_vaults_cochlea,
          v_rooms_3, ontoclasm_vaults_chip, nicolae_vaults_three_branches,
          nicolae_vaults_yaktaur_gun_rack, nicolae_vaults_octothorpe,
          layout_vaults_omnibox, serial_shops,
          nicolae_shop_bloodbath_and_beyond, uniq_aizul, uniq_saint_roka
Vaults:2: portal_desolation_entry_twin_temple, kb_rosetta, v_misc_1,
          vaults_dpeg_ring, hangedman_vaults_slither, dpeg_vaults_monster_box,
          hangedman_vaults_stitches, nicolae_vaults_sesquioval_fish,
          minmay_crypt_entry_simple_sparse, v_misc_17, layout_vaults_omnigrid,
          serial_shops, nicolae_shop_trees, uniq_boris
Vaults:3: grunt_vaults_diagonal, nicolae_vaults_network_star, v_rooms_6,
          nicolae_vaults_trapezoid_lopsided_2, v_misc_10, hangedman_vaults_maws,
          nicolae_vaults_storage_closets_1, v_alt_pattern_3,
          ontoclasm_vaults_chip, serial_ice_b, ontoclasm_vaults_decontamination,
          layout_vaults_omnicross, uniq_nikola, uniq_donald
Vaults:4: advil_vaults_ghost_lines, vaults_room_semicircle,
          nicolae_vaults_circle_grid_b, nicolae_vaults_quadrants, v_misc_28,
          ontoclasm_vaults_chip, nicolae_vaults_network_square,
          nicolae_vaults_asterisk, nicolae_vaults_stepped_doors,
          nicolae_vaults_tetromino_T_2, vaults_standard_mumra_enter_the_diamond,
          layout_vaults_ring, uniq_margery, uniq_sojobo, uniq_xtahua
Vaults:5
Depths:1: layout_forbidden_donut, serial_bayou, serial_bayou_lake_a,
          serial_bayou_pond_b, serial_bayou_shore_b, serial_bayou_ford_a,
          serial_bayou_lagoon_a, serial_bayou_pond_b, grunt_hell_entry_dis_old,
          led_xom_imps
Depths:2: minmay_split_circle, layout_basic, nicolae_triple_integral,
          grunt_pan_entry_in_and_out, hell_entry, kilobyte_rumbling_trees,
          infiniplex_staircase_spiral
Depths:3: minmay_the_grid_4x2 [minmay_the_grid_dragon_b, minmay_the_grid_spikes,
          minmay_the_grid_square_x, minmay_the_grid_garden,
          minmay_the_grid_pillar_ring, minmay_the_grid_box_x,
          minmay_the_grid_broken_lines, minmay_the_grid_prize_shrinking_boxes],
          layout_basic, enter_ziggurat_f, serial_shops, shop, abyss_entry,
          rand_demon_pan_entry_9, grunt_mini_vestibule, kennysheep_another_room
Depths:4: grunt_zot_entry_tricorne, layout_basic, hell_entry,
          kennysheep_crisscross, minmay_gold_behind_fungi
Zot:1:    layout_cathedral_of_symmetry, regret_index_zotdec_glowing_original,
          regret_index_zotdec_twisting_globes
Zot:2:    cheibrodos_zot_enchanting_chambers, layout_misc_corridors,
          regret_index_zotdec_serpentine_coiled
Zot:3:    hangedman_snap_crack_crunch, layout_onion_interference,
          ebering_ghost_gozag, uniq_vv, uniq_tiamat
Zot:4:    layout_onion_interference, hangedman_zot_decor_unnerving_road,
          door_vault
Zot:5:    layout_basic

Skill      XL: |  1  2  3  4  5  6  7  8  9 10 11 12 13 14 15 16 17 18 19 20 21 22 23 24 25 |
---------------+----------------------------------------------------------------------------+-----
Fighting       | 2 3 5 6 8 9 10 | 10.0
Spellcasting   | 2 7 10 11 15 18 20 23 24 25 27 | 27.0
Summonings     | 2 5 6 9 10 | 10.0
Dodging        | 5 7 8 |  8.2
Armour         | 2 4 |  4.0
Evocations     | 2 3 6 |  6.1
Ranged Weapons | 2 |  2.0
Conjurations   | 7 10 13 17 20 21 23 24 25 | 25.7
Alchemy        | 3 |  3.0
Air Magic      | 5 9 10 | 10.0
Ice Magic      | 5 9 11 12 | 12.0
Translocations | 4 |  4.0
Hexes          | 5 |  5.0
Earth Magic    | 6 |  6.0
Shields        | 6 |  6.0
Fire Magic     | 10 17 20 21 23 24 25 | 25.7
Necromancy     | 10 | 10.0
Staves         | |  3.0
Throwing       | |  2.0

Action                     |  1- 3 |  4- 6 |  7- 9 | 10-12 | 13-15 | 16-18 | 19-21 | 22-24 | 25-27 || total
---------------------------+-------+-------+-------+-------+-------+-------+-------+-------+-------++-------
  Melee: Quarterstaff      |   108 |   199 |       |       |       |       |       |       |       ||   307
         Falchion          |       |     7 |   169 |       |       |       |       |       |       ||   176
         Trident           |       |       |    51 |   187 |   128 |       |       |       |       ||   366
         Staff             |       |       |       |       |     4 |     4 |     9 |     2 |       ||    19
         Short sword       |       |       |       |       |       |     6 |       |       |       ||     6
  Throw: Throwing net      |     3 |       |       |       |       |       |       |       |       ||     3
   Cast: Call Imp          |       |    19 |    45 |    30 |       |       |       |       |       ||    94
         Sting             |       |       |    37 |    70 |       |       |       |       |       ||   107
         Blink             |       |       |     1 |       |       |     1 |     1 |       |       ||     3
         Mephitic Cloud    |       |       |       |    33 |    28 |       |       |       |       ||    61
         Arcjolt           |       |       |       |   139 |   135 |    13 |       |       |       ||   287
         Ozocubu's Armour  |       |       |       |     3 |       |     3 |     1 |       |       ||     7
         Iskenderun's Myst |       |       |       |     2 |   160 |    97 |    93 |    48 |     3 ||   403
         Freezing Cloud    |       |       |       |       |    93 |     8 |     1 |       |       ||   102
         Metabolic Englaci |       |       |       |       |     4 |     1 |       |       |       ||     5
         Ozocubu's Refrige |       |       |       |       |    61 |   171 |   127 |     2 |       ||   361
         Bombard           |       |       |       |       |     6 |   311 |   263 |     3 |       ||   583
         Apportation       |       |       |       |       |     4 |       |       |    11 |     5 ||    20
         Spellforged Servi |       |       |       |       |       |    36 |    30 |    23 |     1 ||    90
         Plasma Beam       |       |       |       |       |       |       |   118 |    75 |     3 ||   196
         Fire Storm        |       |       |       |       |       |       |    39 |   216 |    43 ||   298
         Lehudib's Crystal |       |       |       |       |       |       |       |   108 |    13 ||   121
         Sublimation of Bl |       |       |       |       |       |       |       |     6 |     8 ||    14
         Passwall          |       |       |       |       |       |       |       |       |     5 ||     5
  Evoke: Wand              |       |       |    17 |    30 |    10 |    16 |       |     3 |     1 ||    77
         Lightning rod     |       |       |       |       |       |     1 |     1 |       |       ||     2
    Use: Scroll            |     1 |     8 |     8 |    12 |     1 |    15 |    10 |    14 |       ||    69
         Potion            |       |     6 |     3 |     2 |     1 |     8 |    11 |    13 |     4 ||    48
   Stab: Sleeping          |     3 |     6 |     1 |     2 |       |       |       |       |       ||    12
         Invisible         |       |     2 |       |       |       |       |       |       |       ||     2
         Distracted        |       |     1 |     4 |     1 |     1 |       |       |       |       ||     7
         Confused          |       |       |       |     2 |     4 |       |       |       |       ||     6
 Armour: Leather armour    |    43 |   131 |    42 |       |    33 |   154 |   102 |   124 |     3 ||   632
         Skin              |       |    26 |       |       |       |       |       |       |       ||    26
         Steam dragon scal |       |       |   142 |   208 |   176 |    18 |       |       |       ||   544
         Robe              |       |       |       |     4 |       |       |       |       |       ||     4
  Dodge: Dodged            |    63 |   159 |   244 |   230 |   196 |   118 |   115 |    55 |     3 ||  1183
         Repelled          |       |       |       |       |       |       |     5 |    10 |     2 ||    17
  Block: Buckler           |       |       |       |       |       |       |    44 |    20 |     1 ||    65
